 Dungeon Crawl Stone Soup version 0.27-a0-920-gb2bd10914a (webtiles) character file.

Game seed: 7095049945567945087

996 snetch the Magician (level 8, -9/54 HPs)
             Began as a Djinni Fire Elementalist on Apr 9, 2021.
             Was a Believer of Makhleb.
             Mangled by a two-headed ogre
             ... wielding a +0 giant club
              (18 damage)
             ... on level 5 of the Dungeon.
             The game lasted 00:20:33 (5386 turns).

snetch the Magician (Djinni Fire Elementalist)      Turns: 5386, Time: 00:20:34

Health: -9/54      AC:  8    Str:  7    XL:     8   Next: 19%
Gold:   194        EV: 16    Int: 20    God:    Makhleb [**....] SH:  0 Dex: 13

rFire    + + .     SeeInvis .   a - +2 dagger (flame)
rCold    x . .     Faith    .   (no shield)
rNeg     . . .     Spirit   .   o - +0 leather armour
rPois    ∞         Reflect  .   j - +0 helmet
rElec    .         Harm     .   (no cloak)
rCorr    .         Rampage  .   (no gloves)
Will     .....                  (boots unavailable)
Stlth    ++........             (no amulet)
HPRegen  0.18/turn              h - +4 ring of protection
MPRegen  0.00/turn              E - +4 ring of evasion

@: flying
A: fire resistance 2, cold vulnerability 1, float, innate caster, hp casting,
extra vitality 1
a: Renounce Religion, Minor Destruction


You were on level 5 of the Dungeon.
You worshipped Makhleb.
Makhleb was pleased with you.
You visited 1 branch of the dungeon, and saw 6 of its levels.
You also visited: Ossuary.

You collected 194 gold pieces.

Inventory:

Hand Weapons
 a - a +2 dagger of flaming (weapon)
Missiles
 c - 112 stones
 g - 18 poisoned darts
 k - 3 javelins
 s - 27 sling bullets
 u - 2 boomerangs
 w - 16 arrows
 I - 19 bolts
Armour
 e - a +0 ring mail
 j - a +0 helmet (worn)
 o - a +0 leather armour (worn)
 v - a +2 tower shield
 J - a +0 scale mail
 K - a +0 pair of boots
Jewellery
 h - a +4 ring of protection (left hand)
 E - a +4 ring of evasion (right hand)
 F - a +6 ring of strength
Wands
 L - a wand of flame (20)
Scrolls
 b - 4 scrolls of teleportation {unknown}
 d - 3 scrolls of amnesia {unknown}
 l - 4 scrolls of identify {unknown}
 q - 5 scrolls of enchant weapon {unknown}
 r - 2 scrolls of enchant armour {unknown}
 t - a scroll of vulnerability {unknown}
 x - 9 scrolls of noise {unknown}
 y - a scroll of immolation {unknown}
 z - 2 scrolls of acquirement {unknown}
 G - a scroll of fear {unknown}
Potions
 f - a potion of heal wounds {unknown}
 i - 2 potions of invisibility {unknown}
 m - 4 potions of curing {unknown}
 n - a potion of ambrosia {unknown}
 p - 2 potions of lignification {unknown}
 A - 6 potions of degeneration {unknown}
 B - a potion of brilliance {unknown}
 C - 2 potions of might {unknown}
 D - a potion of mutation {unknown}
 H - a potion of haste {unknown}
 M - 2 potions of flight {unknown}


   Skills:
 * Level 2.1 Fighting
 + Level 3.0 Armour
 + Level 3.9 Dodging
 + Level 3.1 Stealth
 + Level 6.4 Spellcasting


You couldn't memorise any spells.
You knew the following spells:

 Your Spells              Type           Power      Damage    Failure   Level
a - Foxfire               Conj/Fire      100%       2x1d9     1%          1
b - Searing Ray           Conj           64%        3d5       1%          2
c - Poisonous Vapours     Pois/Air       64%        N/A       1%          2
d - Pain                  Necr           100%       1d9       1%          1
e - Fireball              Conj/Fire      16%        3d8       28%         5
f - Sticky Flame          Conj/Fire      32%        2d5       11%         4
g - Inner Flame           Hex/Fire       32%        N/A       3%          3
h - Conjure Flame         Conj/Fire      32%        6-21      3%          3
Your spell library was empty.

Dungeon Overview and Level Annotations

Branches:
Dungeon (6/15)            Ossuary (visited)
 Temple: D:4-7

Altars:
Makhleb
Nemelex Xobeh
Ru
Trog

Annotations:
D:1 eels behind stone glass


Innate Abilities, Weirdness & Mutations

You are immune to poison.
Your flesh is very heat resistant. (rF++)
You are vulnerable to cold. (rC-)
You float through the air rather than walking.
You learn spells naturally, not from books.
Your magical power is your life essence.
You have superior vitality. (+4 HP)


Message History

The searing ray hits the orc wizard.
The orc wizard is heavily wounded.
The searing ray hits the two-headed ogre.
The two-headed ogre is moderately wounded.
The searing ray hits the orc wizard!
You kill the orc wizard!
Makhleb accepts your kill.
You can now harness Makhleb's destructive might.
The two-headed ogre barely misses you. x2
The searing ray misses the two-headed ogre.
The searing ray hits the orc!
You kill the orc!
Makhleb accepts your kill.
You feel better.
You finish channeling your searing ray.
The two-headed ogre hits you with a +0 giant club.
The two-headed ogre hits you with a +0 giant club!
Casting: Searing Ray (safe; 1% risk of failure)
Confirm with . or Enter, or press ? or * to list all spells.
Aiming: Searing Ray (safe; 1% risk of failure)
Press: ? - help, Shift-Dir - straight line, f/p - two-headed ogre
Aim: a two-headed ogre, wielding two +0 giant clubs (moderately wounded, ally target, 9% to evade)
The searing ray hits the two-headed ogre.
The two-headed ogre is heavily wounded.
The searing ray hits the orc!
You kill the orc!
Makhleb accepts your kill.
You feel better. (Press . to maintain the ray.)
The searing ray hits the two-headed ogre.
The two-headed ogre is heavily wounded.
The two-headed ogre hits you with a +0 giant club!
* * * LOW HITPOINT WARNING * * *
The two-headed ogre hits you with a +0 giant club.
* * * LOW HITPOINT WARNING * * *
The searing ray hits the two-headed ogre!
The two-headed ogre is severely wounded.
* * * LOW HITPOINT WARNING * * *
The two-headed ogre closely misses you.
The two-headed ogre hits you with a +0 giant club!!
You die...

##..##.## #..# ###...#
###....## #.## ###.######
.##.....# #.# #......#
.#.<###...# #.# ###....#
.#.## #..### #.# #######.####
....######....##.####.......#
#.....................#######
.......#######...####...#
.......# #.#@######.#
.......# #..#.O.# ...
.......# #$ ###)# ##..
######## #. $). .. . ..).. .
##### .. ##..... ....# .....
###... .... .o..


You could see a two-headed ogre.

Vanquished Creatures
  A water moccasin (D:5)
  An ice beast (D:5)
  An ogre (D:4)
  A phantom (D:2)
  A scorpion (D:5)
  A centaur zombie (Ossuary)
  2 howler monkeys (D:4)
  A bullfrog zombie (D:5)
  A jelly (D:4)
  Jessica (D:2)
  2 iguanas
  3 orc wizards
  A killer bee zombie (D:5)
  3 hound skeletons
  3 mummies (Ossuary)
  7 adders
  An adder skeleton (D:4)
  2 worms
  2 dart slugs
  6 orcs
  5 ball pythons
  8 bats
  8 endoplasms
  2 giant cockroaches
  11 goblins
  8 hobgoblins
  5 jackals (D:1)
  A quokka (D:3)
  2 frilled lizards
  5 goblin zombies (Ossuary)
  A hobgoblin zombie (Ossuary)
  7 kobolds
  An orc zombie (Ossuary)
  7 rats
112 creatures vanquished.

Vanquished Creatures (others)
  334 foxfires
334 creatures vanquished.

Grand Total: 446 creatures vanquished

Notes
Turn   | Place    | Note
-------+----------+-------------------------------------------
     0 | D:1      | snetch the Djinni Fire Elementalist began the quest for the
                  | Orb.
     0 | D:1      | Reached XP level 1. HP: 15/15 MP: 0/0
     3 | D:1      | Noticed an electric eel
     4 | D:1      | Noticed an electric eel
   235 | D:1      | Reached skill level 3 in Spellcasting
   235 | D:1      | Reached XP level 2. HP: 19/21 MP: 0/0
   668 | D:1      | Reached XP level 3. HP: 19/25 MP: 0/0
   668 | D:1      | Learned a level 1 spell: Pain
  1452 | D:2      | Noticed a phantom
  1458 | D:2      | Killed a phantom
  1459 | D:2      | Reached skill level 4 in Spellcasting
  1459 | D:2      | Reached XP level 4. HP: 25/31 MP: 0/0
  1735 | D:3      | Reached XP level 5. HP: 33/35 MP: 0/0
  1735 | D:3      | Learned a level 2 spell: Poisonous Vapours
  2271 | D:2      | Noticed Jessica
  2278 | D:2      | Killed Jessica
  2279 | D:2      | Reached skill level 1 in Armour
  2598 | D:4      | Found a sand-covered staircase.
  2614 | Ossuary  | Entered an ossuary
  2803 | Ossuary  | Reached XP level 6. HP: 32/40 MP: 0/0
  3424 | D:3      | Found a faded altar of an unknown god.
  3509 | D:3      | Became a worshipper of Makhleb the Destroyer
  3509 | D:3      | Reached * piety under Makhleb
  3689 | D:3      | Found a bloodstained altar of Trog.
  3803 | D:3      | Reached skill level 5 in Spellcasting
  4231 | D:5      | Entered Level 5 of the Dungeon
  4236 | D:5      | Reached XP level 7. HP: 45/45 MP: 0/0
  4236 | D:5      | Learned a level 2 spell: Searing Ray
  4467 | D:4      | Found a sacrificial altar of Ru.
  4632 | D:4      | Found a sparkling altar of Nemelex Xobeh.
  4698 | D:5      | Reached skill level 1 in Fighting
  4698 | D:5      | Reached skill level 6 in Spellcasting
  4715 | D:5      | Reached ** piety under Makhleb
  4953 | D:4      | Reached XP level 8. HP: 52/53 MP: 0/0
  5376 | D:5      | Noticed a two-headed ogre
  5386 | D:5      | Mangled by a two-headed ogre

Illustrated notes

Levels and vault maps discovered:
D:1:      arrival_aquarium_b, layout_loops_ring, minmay_hexomino_u4
D:2:      layout_rooms, minivault_5, chequers_serial_rivers_micro_e,
          uniq_jessica
D:3:      minmay_chambers_of_twos, layout_basic, lightli_temple_of_fire,
          hellmonk_ecumenical_altar_inner_sanctum
D:4:      layout_loops_ring, old_standard_altar, nicolae_ru_path_of_blood,
          lightli_ossuary_entry_decrepit_ruins
D:5:      layout_rooms, minmay_temple_entry_statues_pillars,
          kennysheep_generic_room_11
D:6:      layout_layer_cave, minmay_misc_feat_cross, kennysheep_crisscross

Skill      XL: |  1  2  3  4  5  6  7  8 |
---------------+-------------------------+-----
Spellcasting   | 3 4 5 6 |  6.4
Stealth        | 2 3 |  3.1
Armour         | 1 2 3 |  3.0
Dodging        | 3 |  3.9
Fighting       | 1 2 |  2.1

Action                   |  1- 3 |  4- 6 |  7- 9 || total
-------------------------+-------+-------+-------++-------
Melee: Unarmed           |     4 |       |       ||     4
       Dagger            |       |     3 |       ||     3
 Cast: Foxfire           |    56 |   118 |    39 ||   213
       Poisonous Vapours |       |     9 |       ||     9
       Pain              |       |     8 |       ||     8
       Searing Ray       |       |       |     6 ||     6
Armor: Robe              |     9 |     2 |       ||    11
       Leather armour    |       |    26 |     9 ||    35
Dodge: Dodged            |    22 |    51 |    18 ||    91

Table legend: (Time is in decaauts)
 A = Elapsed time spent in this place.
 B = Non-inter-level travel time spent in this place.
 C = Inter-level travel time spent in this place.
 D = Time resting spent in this place.
 E = Time spent auto-exploring this place.
 F = Levels seen in this place.
 G = Mean time per level.
                   A        B        C        D        E       F      G
               +--------+--------+--------+--------+--------+-----+--------+
         Total |   5399 |   5193 |    206 |    277 |   3610 |   7 |  771.3 |
       Dungeon |   4927 |   4721 |    206 |    277 |   3277 |   6 |  821.2 |
       Ossuary |    471 |    471 |      0 |      0 |    333 |   1 |  471.0 |
               +--------+--------+--------+--------+--------+-----+--------+

Top non-repeatable levels by time:
     D:1: 1421 daAuts
     D:4: 1181 daAuts
     D:2: 1041 daAuts
     D:3: 962 daAuts
 Ossuary: 471 daAuts
     D:5: 276 daAuts
     D:6: 44 daAuts
